 Dungeon Crawl Stone Soup version 0.30.1-4-g462c640d31 (webtiles) character file.

Game seed: 3372904546844181507

3595 pkoi the Carver (level 9, -1/83 HPs)
             Began as a Minotaur Gladiator on Aug 30, 2023.
             Was an Initiate of Gozag.
             Killed from afar by an acid dragon (15 damage)
             ... with a splash of acid
             ... on level 8 of the Dungeon on Aug 31, 2023.
             The game lasted 00:11:15 (8954 turns).

pkoi the Carver (Minotaur Gladiator)                Turns: 8954, Time: 00:11:17

Health: -1/83      AC: 19    Str: 30    XL:     9   Next: 85%
Magic:  8/8        EV: 24    Int:  5    God:    Gozag
Gold:   560        SH:  0    Dex: 11    Spells: 8/8 levels left

rFire   . . .        j - +0 scimitar (flame)
rCold   . . .        (no shield)
rNeg    . . .        p - +0 plate armour
rPois   +            c - +1 hat
rElec   .            l - +0 cloak
rCorr   .            h - +0 pair of gloves
SInv    .            m - +0 pair of boots
Will    .....        f - amulet of the acrobat Stlth
                     q - +6 ring of strength
HPRegen 0.33/turn    i - ring of poison resistance
MPRegen 0.11/turn

%: acrobat
@: acrobatic
A: horns 2, retaliatory headbutt
a: Renounce Religion, Potion Petition, Call Merchant, Bribe Branch


You were on level 8 of the Dungeon.
You worshipped Gozag.
Gozag was pleased with you.
You visited 1 branch of the dungeon, and saw 8 of its levels.
You also visited: Ossuary.

You collected 1048 gold pieces.
You spent 351 gold pieces at shops.
You paid 137 gold pieces to Gozag.

Inventory:

Hand Weapons
 a - a +1 long sword
 j - a +0 scimitar of flaming (weapon)
 k - the +4 dagger "Impbane" {vamp, Fly rF+ rC+ rCorr}
   (You found it on level 2 of the Dungeon)

   rF:        It protects you from fire.
   rC:        It protects you from cold.
   Fly:       It grants you flight.
   rCorr:     It protects you from acid and corrosion.
 D - a +0 shortbow
Missiles
 d - 3 throwing nets (quivered)
 e - 5 javelins
Armour
 c - a +1 hat (worn)
 h - a +0 pair of gloves (worn)
 l - a +0 cloak (worn)
 m - a +0 pair of boots (worn)
 p - a +0 plate armour (worn)
Jewellery
 f - an amulet of the acrobat (around neck)
 g - a ring of protection from fire
 i - a ring of poison resistance (right hand)
 q - a +6 ring of strength (left hand)
 u - a ring of positive energy
 K - a ring of protection from fire
Wands
 o - a wand of roots (5)
 t - a wand of charming (9)
 x - a wand of digging (17)
Scrolls
 b - 12 scrolls of identify
 r - 8 scrolls of teleportation
 s - a scroll of enchant weapon
 v - a scroll of magic mapping
 y - 2 scrolls of fog
 G - a scroll of enchant armour
 L - a scroll of fear
Potions
 n - a potion of magic
 w - 3 potions of invisibility
 z - 2 potions of curing
 B - a potion of brilliance
 C - 3 potions of cancellation
 E - a potion of might
 F - 2 potions of haste
 H - a potion of ambrosia
 I - 3 potions of heal wounds


   Skills:
 - Level 9.1 Fighting
 + Level 10.5 Long Blades
 - Level 2.0 Throwing
 + Level 9.6 Armour
 - Level 3.2 Dodging
 + Level 3.1 Evocations


You had 8 spell levels left.
You didn't know any spells.
Your spell library contained the following spells:

 Spells                   Type           Power      Damage    Failure   Level
 Apportation              Tloc           0%         N/A       98%         1
 Necrotise                Necr           0%         1d4       98%         1
 Summon Small Mammal      Summ           0%         N/A       98%         1
 Lesser Beckoning         Tloc           0%         N/A       99%         2
 Call Canine Familiar     Summ           0%         N/A       100%        3
 Gell's Gravitas          Tloc           0%         N/A       100%        3
 Summon Guardian Golem    Hex/Summ       0%         N/A       100%        3
 Teleport Other           Tloc           0%         N/A       100%        3


Dungeon Overview and Level Annotations

Branches:
Dungeon (8/15)             Temple (0/1) D:7            Lair (0/5) D:8
Ossuary (visited)

Altars:
Fedhas
Gozag
Makhleb
Uskayaw
Xom
Yredelemnul
Zin

Shops:
D:4 !

Annotations:
D:5 2 transporters, OlManJenkins's ghost, amateur DjIE
D:8 Grum; Psyche


Innate Abilities, Weirdness & Mutations

You have a pair of horns on your head.
You reflexively headbutt those who attack you in melee.


Message History

You hit Psyche but do no damage. Your headbutt misses Psyche.
Psyche is heavily wounded.
The wolf bites you. Psyche hits you but does no damage.
Space warps horribly around you! The wolf bites you.
Grum hits you from afar with a +1 glaive!
You hit Psyche but do no damage.
Psyche is heavily wounded.
The wolf barely misses you. Psyche barely misses you. You furiously retaliate!
You headbutt Psyche! You hit Psyche. You burn Psyche.
Psyche is severely wounded.
The wolf bites you.
Grum hits you from afar with a +1 glaive!
Psyche casts a cantrip, but nothing happens.
The wolf closely misses you. You furiously retaliate!
You headbutt the wolf!
You are too injured to fight recklessly!
You are too injured to fight recklessly!
You are too injured to fight recklessly!
You are too injured to fight recklessly!
You are too injured to fight recklessly!
You are too injured to fight recklessly!
You are too injured to fight recklessly!
You are too injured to fight recklessly!
You are too injured to fight recklessly!
You are too injured to fight recklessly!
You are too injured to fight recklessly!
You are too injured to fight recklessly!
You are too injured to fight recklessly!
You are too injured to fight recklessly!
Unknown command.
The wolf attacks as you move away! The wolf completely misses you.
The wolf misses you. Grum completely misses you. The wolf closely misses you.
Psyche attacks as you move away!
Psyche hits you with a +1 dagger of distortion.
Space warps horribly around you!
* * * LOW HITPOINT WARNING * * *
The acid dragon spits acid at you. The splash of acid hits you!
You die...
Your body crumbles into a pile of gold.

.# .#..##..
##..# .#
....#...#...#
.#
....##.##...#
)#
#...#.#....#
<#
#..........#
)#
#........#.#
[#########
#@hh.......#
..<.......
#hDg#.#....#
.[########
#@.##.##...#
..# #..#..
#...# ..#
#.##hh #..#
.## #.#..ยง
..# .# #.# .#
#.# .# #.# .#
..# .# $


You could see Psyche, Grum, an acid dragon (catching breath) and 3 wolves.

Vanquished Creatures
  Erica (D:7)
  Joseph (D:7)
  A wraith (Ossuary)
  2 steam dragons
  Edmund (D:5)
  A water moccasin (D:7)
  2 sky beasts
  3 black bears
  2 ogres
  A centaur (D:6)
  A kobold brigand (D:8)
  A bullfrog (D:7)
  A gnoll sergeant (D:7)
  3 scorpions
  A howler monkey (D:8)
  3 hounds
  6 orc priests
  3 jellies
  2 iguanas
  7 orc wizards
  A sleepcap (D:6)
  2 mummies
  12 gnolls
  5 adders
  3 shadow imps
  2 white imps
  An ufetubus (D:5)
  A worm (D:3)
  A dart slug (D:3)
  43 orcs
  7 ball pythons
  8 endoplasms
  3 giant cockroaches
  7 goblins
  7 hobgoblins
  8 jackals
  4 quokkas
  9 bats
  2 frilled lizards
  7 gnoll skeletons (Ossuary)
  9 kobolds
  9 kobold skeletons (Ossuary)
  9 orc skeletons (Ossuary)
  4 rats
207 creatures vanquished.

Notes
Turn   | Place    | Note
-------+----------+-------------------------------------------
     0 | D:1      | pkoi the Minotaur Gladiator began the quest for the Orb.
     0 | D:1      | Reached XP level 1. HP: 18/18 MP: 0/0
    99 | D:1      | Reached skill level 1 in Armour
    99 | D:1      | Reached XP level 2. HP: 15/25 MP: 1/1
   222 | D:1      | Reached skill level 4 in Long Blades
   648 | D:1      | Reached XP level 3. HP: 29/31 MP: 2/2
  1151 | D:2      | Found a basalt altar of Yredelemnul.
  1551 | D:2      | Identified the +4 dagger "Impbane" {vamp, Fly rF+ rC+
                  | rCorr}
  2005 | D:3      | Found a faded altar of an unknown god.
  2100 | D:3      | Reached XP level 4. HP: 32/39 MP: 3/3
  2330 | D:3      | Noticed a black bear
  2341 | D:3      | Killed a black bear
  2342 | D:3      | Reached skill level 5 in Long Blades
  2342 | D:3      | Reached XP level 5. HP: 28/46 MP: 4/4
  2969 | D:4      | Reached XP level 6. HP: 53/55 MP: 5/5
  3283 | D:4      | Reached skill level 5 in Fighting
  3459 | D:4      | Found a shimmering altar of Xom.
  3520 | D:4      | You are sucked into a shaft and drop 3 floors!
  3705 | D:5      | Entered Level 5 of the Dungeon
  3705 | D:5      | Noticed a water moccasin
  3707 | D:5      | Noticed OlManJenkins's ghost (amateur DjIE)
  3748 | D:5      | Found a transporter.
  3777 | D:5      | Found an opulent altar of Gozag.
  3819 | D:5      | Found a sand-covered staircase.
  3831 | Ossuary  | Entered an ossuary
  3831 | Ossuary  | Noticed a wraith
  3831 | Ossuary  | Noticed a wraith
  3831 | Ossuary  | Noticed a wraith
  3882 | Ossuary  | Reached skill level 6 in Long Blades
  3957 | Ossuary  | Noticed a wraith
  3970 | Ossuary  | Killed a wraith
  3971 | Ossuary  | Reached XP level 7. HP: 30/62 MP: 6/6
  4243 | D:5      | Reached skill level 5 in Armour
  4293 | D:5      | Became a worshipper of Gozag Ym Sagoz the Greedy
  4315 | D:5      | Found a transporter.
  4529 | D:4      | Found Ijuojeif's Distillery.
  4535 | D:4      | Bought a potion of mutation for 104 gold pieces
  4535 | D:4      | Bought a potion of degeneration for 13 gold pieces
  4535 | D:4      | Bought a potion of attraction for 39 gold pieces
  4946 | D:5      | Found a glowing silver altar of Zin.
  4946 | D:5      | Found a burning altar of Makhleb.
  4947 | D:5      | Noticed a blizzard demon
  4947 | D:5      | Noticed an angel
  5001 | D:5      | Reached skill level 7 in Long Blades
  5031 | D:5      | Reached XP level 8. HP: 65/73 MP: 7/7
  5213 | D:5      | Noticed Edmund
  5236 | D:5      | Killed Edmund
  5422 | D:6      | Reached skill level 8 in Long Blades
  6466 | D:4      | Bought a potion of haste for 130 gold pieces
  6466 | D:4      | Bought a potion of heal wounds for 65 gold pieces
  6635 | D:7      | Noticed Joseph
  6979 | D:7      | Killed Joseph
  6980 | D:7      | Reached skill level 9 in Long Blades
  6980 | D:7      | Reached XP level 9. HP: 44/82 MP: 8/8
  7108 | D:7      | Found a staircase to the Ecumenical Temple.
  7151 | D:7      | Found a blossoming altar of Fedhas.
  7885 | D:8      | Noticed Psyche
  8122 | D:8      | Noticed Erica
  8237 | D:8      | Reached skill level 1 in Evocations
  8255 | D:8      | Found a staircase to the Lair.
  8435 | D:7      | HP: 4/83 [something (12)]
  8450 | D:7      | Killed Erica
  8451 | D:7      | Reached skill level 10 in Long Blades
  8787 | D:8      | Found a hide-covered altar of Uskayaw.
  8787 | D:8      | Noticed a +0 spear
  8787 | D:8      | Noticed a +0 short sword
  8787 | D:8      | Noticed a +0 dagger
  8787 | D:8      | Noticed a +0 falchion
  8788 | D:8      | Noticed a +0 falchion
  8790 | D:8      | Noticed a +0 short sword
  8790 | D:8      | Noticed a +0 dagger
  8791 | D:8      | Noticed a +0 spear
  8944 | D:8      | Noticed Grum
  8954 | D:8      | Killed from afar by an acid dragon

Illustrated notes

Levels and vault maps discovered:
D:1:      dpeg_arrival_morbid_curiosity, layout_basic, st_stairs_2,
          minmay_pentomino_x4
D:2:      layout_loops_corners, serial_bayou, serial_bayou_lagoon_a,
          serial_bayou_pond_b, serial_bayou_ford_a, serial_bayou_shore_b,
          basic_altar
D:3:      layout_basic, basic_ecumenical_altar, st_stairs_2,
          serial_park_tiny_pond, dreamdust_mushroom_princess,
          grunt_ministairs_12, minmay_misc_feat_cross
D:4:      layout_cave_pools, mainiacjoe_overflow_six_doors_small, serial_shops,
          nicolae_shop_pleasant_corner_grove, minmay_pentomino_pile
D:5:      layout_loops_ring, mainiacjoe_overflow_tiny_flanked,
          grunt_temple_overflow_order_and_chaos_2, gammafunk_ghost_arena,
          gup_ossuary_entry_pyramid, kennysheep_nondescript, uniq_edmund
D:6:      layout_layer_cave
D:7:      layout_loops_ring, fedhas_altar_4, minmay_temple_entry_arrows,
          uniq_joseph
D:8:      layout_loops_ring, nicolae_uskayaw_en_pointe, led_sif_pool,
          nicolae_overflow_crystal_walls, kennysheep_slug_shrine,
          dpeg_oklobed_lair, minmay_fire_ice_demons, uniq_erica, uniq_psyche,
          uniq_grum

Skill      XL: |  1  2  3  4  5  6  7  8  9 |
---------------+----------------------------+-----
Armour         | 1 2 3 4 6 8 9 |  9.6
Long Blades    | 4 5 6 7 9 10 | 10.5
Fighting       | 3 4 5 7 8 9 |  9.1
Evocations     | 3 |  3.1
Throwing       | |  2.0
Dodging        | |  3.2

Action                     |  1- 3 |  4- 6 |  7- 9 || total
---------------------------+-------+-------+-------++-------
  Melee: Long sword        |    38 |    11 |    27 ||    76
         Headbutt          |    12 |    30 |   102 ||   144
         Dagger            |    52 |   162 |   407 ||   621
         Punch             |       |     3 |     8 ||    11
         Scimitar          |       |       |    39 ||    39
    Use: Scroll            |     5 |     3 |    11 ||    19
         Potion            |     2 |     3 |     2 ||     7
   Stab: Invisible         |       |     5 |       ||     5
         Distracted        |       |       |     1 ||     1
 Armour: Leather armour    |    10 |       |       ||    10
         Plate armour      |    30 |   101 |   281 ||   412
  Dodge: Dodged            |    64 |    91 |   208 ||   363
